 Dungeon Crawl Stone Soup version 0.29-a0-8-g0446c0dae4 (webtiles) character file.

Game seed: 7895951538139418019

152 siradein the Covered (level 5, 0/33 HPs)
             Began as a Gargoyle Fighter on Jan 27, 2022.
             Slain by a gnoll (8 damage)
             ... on level 4 of the Dungeon.
             The game lasted 00:04:00 (2937 turns).

siradein the Covered (Gargoyle Fighter)             Turns: 2937, Time: 00:04:01

Health: 0/33       AC: 19    Str: 21    XL:     5   Next: 34%
Magic:  5/5        EV:  2    Int:  9    God:
Gold:   146        SH: 12    Dex:  9    Spells: 4/4 levels left

rFire   . . .      SeeInvis .   a - +0 flail
rCold   . . .      Faith    .   p - +0 tower shield
rNeg    + + .      Spirit   .   f - +0 plate armour
rPois   ∞          Reflect  .   (no helmet)
rElec   +          Harm     .   t - +0 cloak
rCorr   .          Rampage  .   j - +1 pair of gloves
Will    .....                   (no boots)
Stlth   ..........              (no amulet)
HPRegen 0.11/turn               i - ring of flight
MPRegen 0.09/turn               o - ring of positive energy

@: flying
A: sickness immunity, AC +4, negative energy resistance 1, electricity
resistance, torment resistance 1, petrification resistance
a: no special abilities


You were on level 4 of the Dungeon.
You visited 1 branch of the dungeon, and saw 4 of its levels.

You collected 146 gold pieces.

Inventory:

Hand Weapons
 a - a +0 flail (weapon)
Missiles
 k - 10 poisoned darts (quivered)
 q - 6 curare-tipped darts
Armour
 c - a +0 buckler
 f - a +0 plate armour (worn)
 j - a +1 pair of gloves (worn)
 p - a +0 tower shield (worn)
 t - a +0 cloak (worn)
Jewellery
 i - a ring of flight (left hand)
 l - a +6 ring of intelligence
 o - a ring of positive energy (right hand)
Scrolls
 b - 4 scrolls of teleportation {unknown}
 e - 5 scrolls of identify {unknown}
 r - 4 scrolls of enchant weapon {unknown}
 s - a scroll of fog {unknown}
Potions
 d - a potion of might
 g - a potion of mutation {unknown}
 h - a potion of cancellation {unknown}
 m - a potion of flight {unknown}
 n - 2 potions of curing {unknown}
 u - a potion of magic {unknown}
 v - a potion of brilliance {unknown}
 w - a potion of ambrosia {unknown}
 x - a potion of attraction {unknown}


   Skills:
 + Level 4.2 Fighting
 + Level 3.1 Maces & Flails
 + Level 4.3 Armour
 + Level 4.3 Shields


You had 4 spell levels left.
You didn't know any spells.
Your spell library contained the following spells:

 Spells                   Type           Power      Damage    Failure   Level
 Animate Skeleton         Necr           0%         N/A       100%        1
 Apportation              Tloc           0%         N/A       100%        1
 Summon Small Mammal      Summ           0%         N/A       100%        1
 Ensorcelled Hibernation  Hex/Ice        0%         N/A       100%        2
 Passwall                 Tmut/Erth      0%         N/A       100%        2
 Swiftness                Air            0%         N/A       100%        3


Dungeon Overview and Level Annotations

Branches:
Dungeon (4/15)
 Temple: D:4-7

Altars:
Trog


Innate Abilities, Weirdness & Mutations

You are immune to sickness and miasma.
Your stone body is resilient. (AC +4)
You are immune to poison.
You resist negative energy. (rN+)
You are resistant to electric shocks. (rElec)
You are resistant to unholy torment.
You are immune to petrification.


Message History

You hit the howler monkey skeleton but do no damage.
The howler monkey skeleton is lightly damaged.
The howler monkey skeleton hits you but does no damage.
You block the howler monkey skeleton's attack.
You sock the howler monkey skeleton!
The howler monkey skeleton is heavily damaged.
You block the howler monkey skeleton's attack.
You hit the howler monkey skeleton but do no damage.
The howler monkey skeleton is heavily damaged.
The howler monkey skeleton hits you but does no damage.
You block the howler monkey skeleton's attack.
You barely miss the howler monkey skeleton.
The howler monkey skeleton is heavily damaged.
You block the howler monkey skeleton's attack.
You thump the howler monkey skeleton!
You destroy the howler monkey skeleton!
No target in view!
No target in view!
A gnoll comes into view. It is wielding a +0 halberd.
A gnoll is nearby!
A gnoll is nearby!
A gnoll is nearby!
A gnoll comes into view. It is wielding a +0 spear.
The gnoll shouts!
A gnoll comes into view. It is wielding a +0 halberd.
The gnoll hits you with a +0 halberd.
You barely miss the gnoll. You block the gnoll's attack.
The gnoll hits you with a +0 halberd. You block the gnoll's attack.
You closely miss the gnoll. The gnoll hits you with a +0 halberd.
The gnoll hits you but does no damage.
A gnoll comes into view. It is wielding a +0 halberd.
The gnoll hits you with a +0 halberd.
The gnoll hits you from afar with a +0 spear.
You are too injured to fight recklessly!
You are too injured to fight recklessly!
The gnoll hits you from afar with a +0 halberd!
* * * LOW HITPOINT WARNING * * *
There is an escape hatch in the ceiling here.
The gnoll hits you from afar with a +0 halberd!
You die...

#.§.♣._.♣§§§.# #...#
#§≈..)..♣§§..#
#...##♣♣♣♣.
..≈.♣♣♣♣♣§≈..####
#.....(.P.. .....§.....#
###g..♣... ≈≈.≈§≈.....#
#...♣♣ P )..........#
#....♣
#..........######....#♣♣♣
............gg.gg........
#.........@########......
#..........# ......
#..........# ..♣.♣.
########### ...... .♣.♣.
..


You could see 4 gnolls.

Vanquished Creatures
  2 howler monkey skeletons (D:4)
  A gnoll (D:1)
  5 adders
  A worm (D:2)
  5 dart slugs
  5 orcs (D:3)
  2 endoplasms (D:4)
  6 goblins
  7 hobgoblins
  3 jackals (D:1)
  4 quokkas
  5 ball pythons
  3 bats (D:1)
  3 frilled lizards (D:1)
  2 kobolds
  4 rats
  A spectral kobold (D:1)
59 creatures vanquished.

Vanquished Creatures (others)
  2 plants (D:4)
2 creatures vanquished.

Grand Total: 61 creatures vanquished

Notes
Turn   | Place    | Note
-------+----------+-------------------------------------------
     0 | D:1      | siradein the Gargoyle Fighter began the quest for the Orb.
     0 | D:1      | Reached XP level 1. HP: 14/14 MP: 1/1
    80 | D:1      | Reached XP level 2. HP: 15/19 MP: 2/2
   250 | D:1      | Found a faded altar of an unknown god.
   587 | D:1      | Reached XP level 3. HP: 23/23 MP: 3/3
  1489 | D:2      | Reached XP level 4. HP: 27/29 MP: 4/4
  2493 | D:3      | Reached XP level 5. HP: 33/33 MP: 5/5
  2868 | D:4      | Found a bloodstained altar of Trog.
  2937 | D:4      | Slain by a gnoll

Illustrated notes

Levels and vault maps discovered:
D:1:      mushboom_english_gardens, layout_loops_corners,
          dreamdust_ecumenical_altar_drowned_temple, hex_medium
D:2:      layout_loops_ring
D:3:      layout_basic
D:4:      minmay_octagon_keep, layout_rooms, mainiacjoe_overflow_brackets,
          serial_forest, infiniplex_forest_end_2,
          infiniplex_forest_clump_double, infiniplex_forest_lined_4_way,
          infiniplex_forest_lined_2, infiniplex_forest_clump_double,
          infiniplex_forest_clump_medium, infiniplex_forest_lined_1

Skill      XL: |  1  2  3  4 |
---------------+-------------+-----
Armour         | 4 |  4.3
Shields        | 4 |  4.3
Fighting       | 4 |  4.2
Maces & Flails | 3 |  3.1

Action                   |  1- 3 |  4- 6 || total
-------------------------+-------+-------++-------
Melee: Flail             |   113 |   117 ||   230
Armor: Scale mail        |     8 |       ||     8
       Plate armour      |    63 |    89 ||   152
Dodge: Dodged            |    30 |    11 ||    41
Block: Buckler           |    18 |       ||    18
       Tower shield      |       |    69 ||    69

Table legend: (Time is in decaauts)
 A = Elapsed time spent in this place.
 B = Non-inter-level travel time spent in this place.
 C = Inter-level travel time spent in this place.
 D = Time resting spent in this place.
 E = Time spent auto-exploring this place.
 F = Levels seen in this place.
 G = Mean time per level.
                   A        B        C        D        E       F      G
               +--------+--------+--------+--------+--------+-----+--------+
         Total |   3048 |   3025 |     23 |      0 |   2303 |   4 |  762.0 |
       Dungeon |   3048 |   3025 |     23 |      0 |   2303 |   4 |  762.0 |
               +--------+--------+--------+--------+--------+-----+--------+

Top non-repeatable levels by time:
     D:1: 1075 daAuts
     D:3: 857 daAuts
     D:2: 827 daAuts
     D:4: 288 daAuts
